 Dungeon Crawl Stone Soup version 0.28.0 (webtiles) character file.

Game seed: 5328302332508376484

16 spaghetti the Sneak (level 2, -1/26 HPs)
             Began as a Ghoul Delver on Feb 14, 2022.
             Was an Initiate of Okawaru.
             Slain by Grinder (9 damage)
             ... while paralysed by Grinder
             ... on level 4 of the Dungeon.
             The game lasted 00:02:06 (920 turns).

spaghetti the Sneak (Ghoul Delver)                   Turns: 920, Time: 00:02:07

Health: -1/26      AC:  3    Str: 15    XL:     2   Next: 58%
Magic:  1/1        EV:  2    Int:  5    God:    Okawaru [......]
Gold:   93         SH:  0    Dex: 10    Spells: 1/1 levels left

rFire   . . .      SeeInvis .     - Unarmed
rCold   + . .      Faith    .   (no shield)
rNeg    + + +      Spirit   .   a - +0 leather armour
rPois   ∞          Reflect  .   (no helmet)
rElec   .          Harm     .   (no cloak)
rCorr   .          Rampage  .   (no gloves)
Will    .....                   (no boots)
Stlth   +++.......              (no amulet)
HPRegen 0.00/turn               (no ring)
MPRegen 0.07/turn               (no ring)

@: paralysed, inhibited regen
A: claws 1, cold resistance 1, negative energy resistance 3, inhibited
regeneration, torment resistance 2
a: Renounce Religion


You were on level 4 of the Dungeon.
You worshipped Okawaru.
Okawaru was noncommittal.
You visited 2 branches of the dungeon, and saw 3 of its levels.

You collected 93 gold pieces.

Inventory:

Armour
 a - a +0 leather armour (worn)
Wands
 f - a wand of digging (3)
 h - a wand of iceblast (9)
Scrolls
 b - a scroll of fog
 c - a scroll of magic mapping
 d - a scroll of fear
 g - a scroll of immolation {unknown}
Potions
 e - a potion of haste


   Skills:
 - Level 3.2 Fighting
 - Level 1.7 Dodging
 - Level 5.4 Stealth
 + Level 3.4 Unarmed Combat


You had one spell level left.
You didn't know any spells.
Your spell library was empty.

Dungeon Overview and Level Annotations

Branches:
Dungeon (5/15)             Temple (1/1) D:4

Altars:
Cheibriados
Dithmenos
Elyvilon
Fedhas
Gozag
Hepliaklqana
Kikubaaqudgha
Makhleb
Nemelex Xobeh
Okawaru
Qazlal
Ru
Sif Muna
Trog
Uskayaw
Wu Jian
Xom
Yredelemnul
Zin
The Shining One

Shops:
D:4 :

Annotations:
D:4 Grinder


Innate Abilities, Weirdness & Mutations

You thrive by killing the living.
You are immune to poison.
You have sharp fingernails.
Your flesh is cold resistant. (rC+)
You are immune to negative energy. (rN+++)
You do not regenerate when monsters are visible.
You are immune to unholy pain and torment.


Message History

The goblin is severely wounded.
The goblin hits you but does no damage.
You scratch the goblin.
You kill the goblin!
Okawaru accepts your kill.
You feel better.
No target in view!
No target in view!
No target in view!
No target in view!
No target in view!
No target in view!
No target in view!
No target in view!
No target in view!
No target in view!
No target in view!
No target in view!
Items here: ( )) †.
Found a dagger.
Found a stone staircase leading up.
Grinder comes into view.
There is an entrance to Ohyofig's Book Emporium here.
The helpless Grinder fails to defend herself.
You scratch Grinder but do no damage. Grinder hits you!
You scratch Grinder.
Grinder is lightly wounded.
Grinder hits you!
You closely miss Grinder. Grinder closely misses you.
Okay, then.
Okay, then.
Aiming: Iceblast
Press: ? - help, Shift-Dir - straight line The mass of ice explodes!
The iceblast engulfs Grinder.
Grinder partially resists.
Grinder is lightly wounded.
Grinder gestures at you.
You suddenly lose the ability to move!
Grinder hits you!
You die...

########### ..........#### # #
#########......).... ##
.#.#.#......)......#.#### .#
####.#....................# .#
#......# #.5@.....∩..#...## .##
#......# #######(##..#....<# ..#
#......# # ....#.....#.#.###
#.###......#.# ...............
#..##........# #..##...#.#.#.#
##.##......#######..##...#.#.#.#
..........................>#.#.##
###.###.######..<.#.##..##.#.#...
#.# #.########...............#.


You could see Grinder.

Vanquished Creatures
  An adder (D:4)
  An orc (D:4)
  2 ball pythons (D:4)
  2 goblins (D:4)
  A kobold (D:4)
7 creatures vanquished.

Vanquished Creatures (others)
  5 plants (D:4)
5 creatures vanquished.

Grand Total: 12 creatures vanquished

Notes
Turn   | Place    | Note
-------+----------+-------------------------------------------
     0 | D:5      | spaghetti the Ghoul Delver began the quest for the Orb.
     0 | D:5      | Reached XP level 1. HP: 19/19 MP: 0/0
    12 | D:4      | Found a staircase to the Ecumenical Temple.
    19 | Temple   | Entered the Ecumenical Temple
   396 | Temple   | Became a worshipper of Warmaster Okawaru
   537 | D:5      | Noticed a water moccasin zombie
   573 | D:5      | Noticed a hound
   716 | D:4      | Reached XP level 2. HP: 19/26 MP: 1/1
   857 | D:4      | Found Ohyofig's Book Emporium.
   909 | D:4      | Noticed Grinder
   919 | D:4      | Paralysed by Grinder for 7 turns
   920 | D:4      | Slain by Grinder

Illustrated notes

Levels and vault maps discovered:
D:4:      layout_basic, minmay_temple_entry_gardened_gates, serial_shops, shop,
          enter_ossuary_1, uniq_menkaure, uniq_crazy_yiuf_cottage, uniq_grinder
D:5:      lemuel_ice_spiral_2, layout_basic, nicolae_ashenzari_panopticon,
          kennysheep_generic_room_2
Temple:   mainiacjoe_temple_cubbyholes

Skill      XL: |  1 |
---------------+----+-----
Unarmed Combat | 3 |  3.4
Fighting       | |  3.2
Dodging        | |  1.7
Stealth        | |  5.4

Action                   || total
-------------------------++-------
Melee: Unarmed           ||    25
Evoke: Wand              ||     1
 Stab: Sleeping          ||     2
Armor: Leather armour    ||     5
Dodge: Dodged            ||    12
